 Dungeon Crawl Stone Soup version 0.14.2 (webtiles) character file.

784 magog001 the Covered (level 7, 0/59 HPs)
             Began as a Minotaur Death Knight on Aug 17, 2018.
             Was a Priest of Yredelemnul.
             Slain by a gnoll
             ... wielding a +1,+2 halberd
              (5 damage)
             ... on Level 5 of the Dungeon.
             The game lasted 00:22:38 (3864 turns).

magog001 the Covered (Minotaur Death Knight)        Turns: 3864, Time: 00:22:38

HP   0/59        AC 11     Str 18      XL: 7   Next:  1%
MP   3/8         EV  7     Int 12      God: Yredelemnul [***...]
Gold 264         SH  0     Dex 11      Spells:  0 memorised,  6 levels left

rFire  . . .     SeeInvis .     y - +5 short sword of Ockir Diwni {slice, -Cast +Inv Dex+1 Int+3}
rCold  . . .     Clarity  .     j - +2 chain mail {MR+}
rNeg   . . .     Conserve .     (no shield)
rPois  .         rCorr    .     (helmet restricted)
rElec  .         rRot     .     (no cloak)
SustAb . .       Spirit   .     (no gloves)
rMut   .         Warding  .     (no boots)
Saprov . . .     Stasis   .     (no amulet)
MR     +....     NoCast   +     (no ring)
                                (no ring)

@: hasted, very quick, somewhat resistant to hostile enchantments, extremely
unstealthy
A: retaliatory headbutt, horns 2
a: Animate Dead, Recall Undead Slaves, Injury Mirror, Renounce Religion, Evoke
Invisibility


You were on level 5 of the Dungeon.
You worshipped Yredelemnul.
Yredelemnul was most pleased with you.
You were very hungry.

You visited 2 branches of the dungeon, and saw 6 of its levels.

You collected 264 gold pieces.

Inventory:

Hand weapons
 l - a +2,+3 war axe
 w - a +0,+2 crossbow of flame
 y - the +5,+5 short sword of Ockir Diwni (weapon) {slice, -Cast +Inv Dex+1 Int+3}
   (You found it on level 4 of the Dungeon)

   It inflicts extra damage upon your enemies.
   It affects your intelligence (+3).
   It affects your dexterity (+1).
   It lets you turn invisible.
   It prevents spellcasting.
Missiles
 b - 28 stones
 f - 76 darts (quivered)
 k - 12 poisoned needles
 t - 18 sling bullets
 v - 5 tomahawks
Armour
 e - a +0 plate armour
 j - a +2 chain mail of magic resistance (worn)
Magical devices
 q - a wand of slowing (10)
Comestibles
 a - 3 chunks of worker ant flesh
 c - 3 bread rations
 i - 2 meat rations
 m - an apple
Scrolls
 d - 5 scrolls of identify
 o - a scroll of fear
 u - 2 scrolls of teleportation
Jewellery
 r - an uncursed ring of protection from magic {unknown}
Potions
 g - a potion of agility {unknown}
 n - 3 potions of confusion {unknown}
 p - 3 potions of curing {unknown}


   Skills:
 * Level 4.3 Fighting
 + Level 4.2 Axes
 * Level 5.1 Armour
 * Level 3.1 Dodging
 + Level 0.6 Stealth
 + Level 3.9 Invocations


You had 6 spell levels left.
You didn't know any spells.

Dungeon Overview and Level Annotations

Branches:
Dungeon (5/15)             Temple (1/1) D:4

Altars:
Ashenzari
Cheibriados
Fedhas
Kikubaaqudgha
Makhleb
Okawaru
Sif Muna
Trog
Vehumet
Xom
Zin
The Shining One
Lugonu


Innate Abilities, Weirdness & Mutations

You reflexively headbutt those who attack you in melee.
You have a pair of horns on your head.


Message History

The gnoll closely misses you. The phantom hits you.
* * * LOW HITPOINT WARNING * * *
The gnoll closely misses you.
You hit the phantom. Your headbutt misses the phantom.
The phantom is lightly damaged.
The phantom hits you but does no damage.
The gnoll hits you but does no damage.
You closely miss the phantom.
The phantom is lightly damaged.
The phantom barely misses you.
The gnoll hits you from afar with a halberd!
* * * LOW HITPOINT WARNING * * *
You barely miss the phantom. You headbutt the phantom.
The phantom is lightly damaged.
The phantom barely misses you.
Drink which item? (? for menu, Esc to quit)
You feel yourself speed up.
It was a potion of haste.
The gnoll hits you from afar with a halberd.
You die...
Your body rises from the dead as a mindless zombie.

##......# #.....#.#
#.....#.# #.....#.# #
#.....#.# ... #.....#.#
..... #+# #.....#.# .....
#.# ##....#.# ......#@#
#####.#.#
.......#p########.....#.#
.......g..............#.#
####.#.#)######......##.#
#.#)# #.....>...# #
#.######...#..####
#.##.......#..####
#.##.......#......
#.##.......##.####


You could see a phantom and a gnoll.

Vanquished Creatures
  An ice beast (D:5)
  A phantom (D:4)
  2 orc wizards
  2 orc priests (D:5)
  A worker ant (D:5)
  An ogre skeleton (D:4)
  9 adders
  A gnoll (D:5)
  2 worms (D:4)
  3 giant geckos
  2 oozes (D:3)
  4 orcs
  4 goblins
  8 hobgoblins
  9 jackals
  6 kobolds
  A quokka (D:2)
  7 bats
  4 giant cockroaches
  2 giant newts
  11 rats
81 creatures vanquished.

Vanquished Creatures (collateral kills)
  A worm (D:2)
1 creature vanquished.

Vanquished Creatures (others)
  An orc skeleton (D:5)
1 creature vanquished.

Grand Total: 83 creatures vanquished

Notes
Turn   | Place    | Note
--------------------------------------------------------------
     0 | D:1      | magog001, the Minotaur Death Knight, began the quest for the Orb.
     0 | D:1      | Reached XP level 1. HP: 18/18 MP: 1/1
   150 | D:1      | Reached XP level 2. HP: 22/25 MP: 1/1
   222 | D:1      | Reached skill level 3 in Invocations
   549 | D:1      | Reached XP level 3. HP: 15/30 MP: 2/4
   756 | D:2      | Acquired Yredelemnul's second power
  1033 | D:2      | Reached XP level 4. HP: 31/38 MP: 5/5
  1570 | D:3      | Found a deep blue altar of Sif Muna.
  1573 | D:3      | Found a blossoming altar of Fedhas.
  1576 | D:3      | Found an ancient bone altar of Kikubaaqudgha.
  1615 | D:3      | Found a radiant altar of Vehumet.
  1910 | D:4      | Noticed a phantom
  1965 | D:4      | Killed a phantom
  1965 | D:4      | Reached XP level 5. HP: 17/45 MP: 5/5
  2304 | D:4      | Found a staircase to the Ecumenical Temple.
  2322 | Temple   | Entered the Ecumenical Temple
  2453 | D:4      | Reached skill level 4 in Armour
  2857 | D:4      | Reached XP level 6. HP: 44/51 MP: 7/7
  2874 | D:4      | Acquired Yredelemnul's third power
  2998 | D:4      | Got a pitted short sword
  2999 | D:4      | Identified the +5,+5 short sword of Ockir Diwni {slice, -Cast +Inv Dex+1 Int+3} (You found it on level 4 of the Dungeon)
  3074 | D:4      | Found a glowing golden altar of the Shining One.
  3195 | D:5      | Entered Level 5 of the Dungeon
  3337 | D:5      | Found an iron altar of Okawaru.
  3839 | D:5      | Reached skill level 5 in Armour
  3855 | D:5      | Reached XP level 7. HP: 27/59 MP: 2/8
  3864 | D:5      | Slain by a gnoll

Action                   |  1- 3 |  4- 6 |  7- 9 || total
-------------------------+-------+-------+-------++-------
Melee: Hand axe          |    70 |    59 |       ||   129
       War axe           |       |    50 |       ||    50
       Short sword       |       |    54 |     4 ||    58
Invok: Animate Remains   |     4 |     8 |       ||    12
       Animate Dead      |       |     6 |       ||     6
       Recall Undead Sla |       |     1 |       ||     1
  Use: Scroll            |       |     6 |       ||     6
       Potion            |       |       |     1 ||     1
 Stab: Distracted        |       |     1 |       ||     1
